 Dungeon Crawl Stone Soup version 0.20.0-7-g3b7b877 (webtiles) character file.

1257 Inarius the Stinger (level 8, -4/59 HPs)
             Began as a Green Draconian Venom Mage on May 29, 2017.
             Was an Initiate of Vehumet.
             Slain by a warg (11 damage)
             ... on level 6 of the Dungeon.
             The game lasted 00:24:45 (6750 turns).

Inarius the Stinger (Green Draconian Venom Mage)    Turns: 6750, Time: 00:24:47

Health: -4/59      AC:  9    Str: 11    XL:     8   Next: 26%
Magic:  22/24      EV: 13    Int: 17    God:    Vehumet [......]
Gold:   349        SH:  0    Dex: 12    Spells: 3/16 levels left

rFire    + . .     SeeInvis +   s - +0 long sword (curse)
rCold    + . .     Gourm    +   (no shield)
rNeg     . . .     Faith    .   (armour unavailable)
rPois    +         Spirit   .   (helmet restricted)
rElec    .         Reflect  .   F - scarf {rC+ rF+}
rCorr    .         Harm     .   (no gloves)
MR       .....                  C - +2 pair of boots
Stlth    ++........             h - amulet of the gourmand
Regen    0.2/turn               k - ring of magical power
MPRegen  0.2/turn               n - ring of see invisible

@: no status effects
A: breathe noxious fumes, unfitting armour, poison resistance, cold-blooded, AC
+6
a: Breathe Noxious Fumes, Renounce Religion


You were on level 6 of the Dungeon.
You worshipped Vehumet.
Vehumet was noncommittal.
You were very full.

You visited 2 branches of the dungeon, and saw 8 of its levels.

You collected 349 gold pieces.

Inventory:

Hand Weapons
 s - a cursed +0 long sword (weapon)
 w - a +0 rapier
 B - a +2 dagger of speed
Armour
 C - a +2 pair of boots (worn)
 F - a scarf of resistance (worn)
Magical Staves
 u - an uncursed staff of fire {unknown}
Jewellery
 h - an amulet of the gourmand (around neck)
 k - a ring of magical power (left hand)
 n - a ring of see invisible (right hand)
Wands
 y - a wand of acid (5/15)
 A - a wand of disintegration (12/24)
Scrolls
 d - a scroll of amnesia
 l - 2 scrolls of random uselessness
 m - a scroll of identify
 v - 3 scrolls of teleportation
 J - 3 scrolls of enchant armour {unknown}
Potions
 e - a potion of berserk rage {unknown}
 f - a potion of brilliance
 i - a potion of cancellation
 j - a potion of curing
 o - 2 potions of lignification {unknown}
 q - a potion of ambrosia {unknown}
 r - a potion of resistance {unknown}
 t - a potion of invisibility
 x - a potion of degeneration {unknown}
 D - 2 potions of flight {unknown}
 E - 2 potions of might {unknown}
Books
 a - a Young Poisoner's Handbook

   Spells                             Type                      Level
   a - Sting                          Conjuration/Poison           1
   b - Poisonous Vapours              Poison/Air                   2
   c - Mephitic Cloud                 Conjuration/Poison/Air       3
   d - Olgreb's Toxic Radiance        Poison                       4
   e - Venom Bolt                     Conjuration/Poison           5
 G - a book of Cantrips

   Spells                             Type                      Level
   a - Confusing Touch                Hexes                        1
   b - Animate Skeleton               Necromancy                   1
   c - Summon Small Mammal            Summoning                    1
   d - Apportation                    Translocation                1
Comestibles
 b - 4 bread rations
 g - a royal jelly
 p - 6 fruits


   Skills:
 + Level 1.5 Fighting
 + Level 2.7 Dodging
 - Level 1.7 Stealth
 + Level 4.7 Spellcasting
 * Level 4.4 Conjurations
 * Level 2.0 Summonings
 * Level 3.5 Air Magic
 + Level 6.6 Poison Magic
 * Level 2.4 Evocations


You had 3 spell levels left.
You knew the following spells:

 Your Spells              Type           Power        Failure   Level  Hunger
a - Sting                 Conj/Pois      ###.         1%          1    None
b - Poisonous Vapours     Pois/Air       ###...       2%          2    #......
c - Olgreb's Toxic Radia  Pois           ####....     10%         4    ####...
d - Summon Small Mammal   Summ           ##..         6%          1    None
e - Venom Bolt            Conj/Pois      ###.......   38%         5    ######.


Dungeon Overview and Level Annotations

Branches:
Dungeon (7/15)             Temple (1/1) D:4

Altars:
Elyvilon
Fedhas
Gozag
Hepliaklqana
Kikubaaqudgha
Nemelex Xobeh
Okawaru
Qazlal
Ru
Sif Muna
Vehumet
Yredelemnul
Zin
The Shining One


Innate Abilities, Weirdness & Mutations

You can breathe blasts of noxious fumes.
Your lurid green scales are hard. (AC +6)
You cannot fit into any form of body armour.
Your system is resistant to poisons. (rPois)
You are cold-blooded and may be slowed by cold attacks.


Message History

Confirm with . or Enter, or press ? or * to list all spells.
Your bat hits the warg. The warg bites you! The warg bites you.
Casting: Summon Small Mammal
Confirm with . or Enter, or press ? or * to list all spells.
Your bat hits the warg but does no damage.
Your bat misses the warg.
The warg pauses to sniff the ground.
The warg bites you!
* * * LOW HITPOINT WARNING * * *
Your bat hits the warg.
Your bat closely misses the warg.
Your bat hits the warg but does no damage.
Your bat closely misses the warg.
The warg bites you!
* * * LOW HITPOINT WARNING * * *
Your bat hits the warg but does no damage.
Your rat barely misses the warg.
You climb upwards.
Your summoned ally is left behind.
There is a stone staircase leading down here.
The warg bites you!
You die...

#..................
#.................#
#######.................#
#........................
#######.......##.........
##......######.....
##......######.....
#h...#.....##......
#.@..#.....##...###
#....#.............
#....###.....######
#....#.............
#######....#.......###...
#...................#....
##.#####....#.......#....
#.# #....#..............
#.# #.##.#..#..........#


You could see a warg.

Vanquished Creatures
  A hungry ghost (D:7)
  An ogre (D:6)
  A bullfrog (D:5)
  A water moccasin skeleton (D:5)
  2 vampire bats (D:3)
  2 howler monkeys
  2 centaur zombies (D:6)
  3 hounds
  A jelly (D:5)
  2 orc priests (D:6)
  An iguana (D:4)
  Ijyb (D:3)
  4 worker ants
  Natasha (thrice) (D:2)
  A hound skeleton (D:4)
  9 adders
  A shadow imp (D:5)
  An ooze (D:2)
  2 adder zombies
  An adder skeleton (D:6)
  4 worms
  A dart slug (D:1)
  3 leopard geckos
  6 orcs
  4 bat skeletons (D:3)
  2 bat zombies (D:3)
  A giant cockroach (D:3)
  7 goblins
  7 hobgoblins
  11 jackals
  3 quokkas
  2 ball pythons (D:1)
  6 bats
  4 frilled lizards
  2 kobolds
  10 rats
113 creatures vanquished.

Vanquished Creatures (collateral kills)
  A warg (D:7)
  A crimson imp (D:6)
2 creatures vanquished.

Grand Total: 115 creatures vanquished

Notes
Turn   | Place    | Note
-------+----------+-------------------------------------------
     0 | D:1      | Inarius the Draconian Venom Mage began the quest for the Orb.
     0 | D:1      | Reached XP level 1. HP: 14/14 MP: 3/3
   299 | D:1      | Reached XP level 2. HP: 20/20 MP: 3/5
   303 | D:1      | Learned a level 2 spell: Poisonous Vapours
  1023 | D:2      | Found a white marble altar of Elyvilon.
  1061 | D:2      | Noticed Natasha
  1064 | D:2      | Killed Natasha
  1064 | D:2      | Reached XP level 3. HP: 19/26 MP: 6/6
  1463 | D:2      | Reached XP level 4. HP: 33/33 MP: 8/8
  1625 | D:2      | Found a stormy altar of Qazlal.
  1923 | D:2      | Noticed Natasha
  1927 | D:2      | Killed Natasha
  1927 | D:2      | Reached skill level 4 in Poison Magic
  1994 | D:2      | Noticed Natasha
  2001 | D:2      | Killed Natasha
  2235 | D:3      | Reached XP level 5. HP: 38/38 MP: 9/9
  2449 | D:3      | Reached skill level 1 in Air Magic
  2472 | D:3      | Learned a level 4 spell: Olgreb's Toxic Radiance
  2537 | D:3      | Found an ancient bone altar of Kikubaaqudgha.
  2895 | D:3      | Found a sparkling altar of Nemelex Xobeh.
  2896 | D:3      | Found an opulent altar of Gozag.
  2943 | D:3      | Reached XP level 6. HP: 43/46 MP: 11/11
  3140 | D:3      | Noticed Ijyb
  3145 | D:3      | Killed Ijyb
  3145 | D:3      | Reached skill level 1 in Fighting
  3316 | D:3      | Found a glowing silver altar of Zin.
  4045 | D:4      | Found a staircase to the Ecumenical Temple.
  4053 | Temple   | Entered the Ecumenical Temple
  4065 | Temple   | Became a worshipper of Vehumet
  4108 | D:4      | Found a sacrificial altar of Ru.
  4108 | D:4      | Found a glowing golden altar of the Shining One.
  4210 | D:5      | Entered Level 5 of the Dungeon
  4304 | D:5      | Your scales start taking on a lurid green colour.
  4304 | D:5      | Reached skill level 5 in Poison Magic
  4304 | D:5      | Reached XP level 7. HP: 43/52 MP: 13/13
  4304 | D:5      | Gained mutation: Your system is resistant to poisons. (rPois) [Green Draconian growth]
  4338 | D:5      | Reached skill level 6 in Poison Magic
  4434 | D:5      | Learned a level 1 spell: Summon Small Mammal
  4440 | D:5      | Learned a level 5 spell: Venom Bolt
  5470 | D:6      | Found a blossoming altar of Fedhas.
  5532 | D:6      | Reached skill level 1 in Summonings
  5765 | D:6      | Reached skill level 1 in Evocations
  6280 | D:6      | Reached XP level 8. HP: 56/59 MP: 14/14
  6750 | D:6      | Slain by a warg

Skill      XL: |  1  2  3  4  5  6  7  8 |
---------------+-------------------------+-----
Dodging        | 2 |  2.7
Conjurations   | 2 3 4 |  4.4
Spellcasting   | 3 4 |  4.7
Poison Magic   | 4 5 6 |  6.6
Air Magic      | 1 2 3 |  3.5
Fighting       | 1 |  1.5
Summonings     | 1 2 |  2.0
Evocations     | 1 2 |  2.4
Stealth        | |  1.7

Action                   |  1- 3 |  4- 6 |  7- 9 || total
-------------------------+-------+-------+-------++-------
Melee: Unarmed           |     7 |       |       ||     7
       Tailslap          |     1 |     9 |    14 ||    24
       Mace              |    10 |    15 |       ||    25
       Rapier            |       |    67 |       ||    67
       Dagger            |       |    33 |    58 ||    91
       Flail             |       |       |    13 ||    13
       Long sword        |       |       |    28 ||    28
 Cast: Sting             |    33 |    41 |    15 ||    89
       Poisonous Vapours |    11 |    53 |    24 ||    88
       Olgreb's Toxic Ra |       |     3 |     4 ||     7
       Summon Small Mamm |       |       |    32 ||    32
 Abil: Breathe Noxious F |       |       |     2 ||     2
Evoke: Wand              |       |       |     5 ||     5
  Use: Scroll            |       |     4 |    11 ||    15
       Potion            |       |       |     2 ||     2
 Stab: Sleeping          |     1 |       |     1 ||     2
  Eat: Chunk             |    22 |    13 |     9 ||    44
Armor: Skin              |     8 |    74 |    40 ||   122
Dodge: Dodged            |    15 |   128 |    92 ||   235
       Rpst.: Long sword |       |       |    12 ||    12
